AoeStats
← ngoodnight01

Black Forest

509614877Analyzed
4v4 RM · 6d ago on Sep 27, 2026· 73m 26s· 8 players
Game mode
Random Map
Map size
Large (8 player)
Population
200
Speed
Normal
Resources
Standard
Victory
Conquest
Starting age
Dark Age
Ending age
Imperial Age
RankedLock teamsTeams togetherTeam positionsShared explorationLock speedFull tech treeHidden civsTurbo modeCheats
Victory
Defeat
🇦🇷 Italians · Argentina
680
+9
🇨🇳 Wei · China
666
+10
🇭🇰 Cumans · Hong Kong SAR China
664
+10
🇫🇷 Persians · France
385
+20
🇺🇸 Dravidians · United States
562
-14
🇷🇴 Khmer · Romania
534
-13
🇺🇸 Spanish · United States
506
-12
🇧🇪 Franks · Belgium
466
-10
cbgb
0:39 Loom
13:00 Feudal Age
13:51 Double-Bit Axe
17:11 Wheelbarrow
20:28 Castle Age
18:40 Horse Collar
23:04 Bow Saw
23:32 Heavy Plow
24:57 Hand Cart
31:12 Imperial Age
28:55 Caravan
30:07 Fletching
30:38 Fortified Wall
31:08 Bodkin Arrow
31:52 Murder Holes
32:10 Bracer
33:18 Two-Man Saw
32:12 Gold Mining
32:14 Stone Mining
35:50 Chemistry
35:44 Town Watch
37:18 Guilds
36:53 Man-at-Arms
38:12 Elite Conquistador
40:12 Stone Shaft Mining
39:57 Gambesons
39:33 Pikeman
44:54 Onager
45:49 Halberdier
46:30 Squires
47:04 Forging
47:00 Scale Barding Armor
46:56 Scale Mail Armor
47:00 Padded Archer Armor
47:22 Town Patrol
51:33 Chain Mail Armor
55:42 Plate Mail Armor
55:31 Leather Archer Armor
ngoodnight01
0:42 Loom
15:45 Feudal Age
16:17 Town Watch
18:09 Man-at-Arms
24:22 Castle Age
24:27 Crossbowman
25:12 Pikeman
25:13 Long Swordsman
34:32 Thumb Ring
36:22 Squires
36:07 Arson
45:58 Imperial Age
50:05 Onager
52:39 Halberdier
dozy
1:08 Loom
14:08 Feudal Age
14:39 Double-Bit Axe
14:51 Town Watch
15:57 Gold Mining
24:22 Castle Age
26:32 Stone Mining
27:18 Gold Shaft Mining
26:58 Scale Barding Armor
29:18 Bow Saw
33:09 Husbandry
40:58 Imperial Age
42:09 Chain Barding Armor
41:50 Scale Mail Armor
42:01 Forging
41:35 Cavalier
44:11 Wheelbarrow
44:32 Chivalry
46:57 Caravan
47:46 Paladin
63:17 Squires
62:38 Pikeman
pentrusmurf
0:30 Loom
17:43 Feudal Age
23:44 Feudal Age
26:04 Wheelbarrow
27:30 Castle Age
25:29 Double-Bit Axe
27:30 Padded Archer Armor
27:21 Fletching
28:05 Horse Collar
28:47 Forging
28:39 Scale Mail Armor
28:48 Scale Barding Armor
29:33 Gold Mining
29:37 Stone Mining
30:41 Bodkin Arrow
31:03 Leather Archer Armor
31:12 Hand Cart
32:16 Caravan
32:33 Caravan
33:09 Heavy Plow
33:50 Gold Shaft Mining
33:51 Stone Shaft Mining
33:40 Bow Saw
36:27 Iron Casting
36:13 Chain Mail Armor
36:36 Coinage
38:44 Imperial Age
37:54 Chain Barding Armor
38:24 Tusk Swords
40:16 Elite Ballista Elephant
40:50 Sappers
40:44 Elite Ballista Elephant
41:32 Bracer
44:14 Ring Archer Armor
43:55 Double Crossbow
44:18 Conscription
43:54 Capped Ram
45:16 Crop Rotation
46:09 Hoardings
47:27 Blast Furnace
54:36 Ballistics
54:07 Heated Shot
54:24 Siege Engineers
55:21 Chemistry
56:29 Town Watch
57:18 Siphons
58:32 Plate Barding Armor
61:47 Pikeman
62:38 Halberdier
hugo.halle1
2:54 Loom
12:59 Feudal Age
17:00 Double-Bit Axe
17:09 Gold Mining
25:32 Castle Age
23:37 Padded Archer Armor
23:27 Fletching
24:52 Horse Collar
26:36 Gold Shaft Mining
27:28 Thumb Ring
26:50 Crossbowman
28:04 Leather Archer Armor
27:44 Bodkin Arrow
31:49 Bloodlines
31:41 Husbandry
32:56 Heavy Plow
36:11 Bodkin Arrow
36:23 Scale Barding Armor
38:02 Chain Barding Armor
37:53 Forging
37:05 Elite Skirmisher
38:35 Thumb Ring
41:00 Iron Casting
44:22 Imperial Age
42:48 Elite Skirmisher
44:39 Elite Skirmisher
46:50 Plate Barding Armor
46:20 Heavy Camel Rider
47:03 Elite Skirmisher
55:21 Kamandaran
55:21 Elite War Elephant
60:43 Bow Saw
61:04 Citadels
62:39 Stone Mining
64:38 Two-Man Saw
74:12 Stone Shaft Mining
刺猬
1:04 Loom
10:21 Feudal Age
10:50 Double-Bit Axe
19:12 Castle Age
17:36 Horse Collar
18:32 Stone Mining
18:36 Gold Mining
21:23 Wheelbarrow
23:01 Heavy Plow
23:15 Fervor
26:32 Stone Shaft Mining
27:06 Gold Shaft Mining
28:48 Bow Saw
29:15 Treadmill Crane
29:55 Caravan
31:16 Hand Cart
35:49 Imperial Age
34:10 Padded Archer Armor
34:02 Fletching
34:18 Tuntian
34:44 Ballistics
34:34 Husbandry
34:45 Bloodlines
34:45 Arson
35:02 Squires
36:00 Elite Tiger Cavalry
37:34 Crop Rotation
37:37 Conscription
39:00 Ming Guang Armor
40:07 Chemistry
39:31 Masonry
40:10 Forging
40:01 Scale Mail Armor
40:06 Scale Barding Armor
39:58 Bodkin Arrow
40:18 Leather Archer Armor
41:19 Hoardings
40:54 Heavy Hei Guang Cavalry
41:44 Murder Holes
43:43 Parthian Tactics
44:54 Parthian Tactics
52:19 Thumb Ring
53:24 Light Cavalry
54:55 Hussar
59:44 Pikeman
59:45 Man-at-Arms
65:18 Iron Casting
64:58 Chain Mail Armor
65:04 Chain Barding Armor
65:14 Ring Archer Armor
64:45 Bracer
69:40 Capped Ram
70:32 Spies/Treason
Nicomc3932
2:58 Loom
11:48 Feudal Age
17:18 Castle Age
15:29 Double-Bit Axe
16:40 Fletching
18:26 Padded Archer Armor
19:19 Bow Saw
22:35 Leather Archer Armor
22:16 Bodkin Arrow
26:31 Gold Mining
32:39 Imperial Age
31:44 Wheelbarrow
33:54 Conscription
34:47 Chemistry
36:16 Elite Genoese Crossbowman
37:12 Stone Mining
37:44 Hand Cart
38:07 Elite Genoese Crossbowman
39:42 Theocracy
40:04 Bodkin Arrow
40:39 Ring Archer Armor
43:47 Caravan
47:27 Stone Shaft Mining
51:49 Coinage
54:53 Bracer
55:19 Ballistics
55:23 Bombard Tower
54:58 Guard Tower
74:24 Two-Man Saw
brokenlit
0:45 Loom
1:43 Loom
11:59 Feudal Age
22:15 Castle Age
20:41 Stone Mining
21:54 Gold Mining
22:20 Forging
22:16 Scale Barding Armor
26:20 Fletching
27:17 Horse Collar
31:39 Bodkin Arrow
32:10 Double-Bit Axe
33:19 Gold Shaft Mining
37:26 Imperial Age
34:46 Town Watch
35:58 Bow Saw
36:30 Wheelbarrow
36:35 Masonry
37:16 Iron Casting
39:08 Chemistry
38:33 Hand Cart
39:13 Conscription
41:53 Padded Archer Armor
42:15 Chain Barding Armor
43:10 Elite Kipchak
44:18 Caravan
44:32 Town Patrol
44:46 Heavy Plow
45:51 Plate Barding Armor
45:32 Leather Archer Armor
46:18 Blast Furnace
46:30 Scale Mail Armor
48:13 Two-Man Saw
47:54 Elite Steppe Lancer
49:01 Cavalier
49:54 Bloodlines
54:39 Chain Mail Armor
54:38 Elite Skirmisher
59:54 Crop Rotation
58:56 Light Cavalry
59:16 Paladin
61:52 Plate Mail Armor
61:53 Ring Archer Armor
61:53 Ballistics
62:11 Hussar
Connection lost

Rejoining the realm…

Still unreachable

The connection could not be restored.

Session expired

The server has moved on; the page needs a fresh start.